A+ EAST
ASHEVILLE TOURISTS @ WINSTON-SALEM DASH
08/19/2041
 
TOP OF THE 1ST
Asheville Tourists batting - Pitching for Winston-Salem Dash : RHP Juan Carlos Jiménez
Pitching: RHP Juan Carlos Jiménez
Batting: RHB Raúl Villa 0-0: Ball
1-0: DOUBLE (Line Drive, 9LD, EV 106.9 MPH)
Batting: SHB José Morán 0-0: Ball
1-0: Called Strike
1-1: Foul Ball, location: 2F
1-2: Ground out 4-3 (Groundball, 34D, EV 80.6 MPH)
Raúl Villa to third
Batting: RHB Jared Clemente 0-0: Ground out 5-3 (Groundball, 5L, EV 87.5 MPH)
Batting: SHB Erik Ashe 0-0: Ball
1-0: Ball
2-0: Ball
3-0: Called Strike
3-1: Swinging Strike
3-2: Strikes out swinging
Top of the 1st over - 0 runs, 1 hit, 0 errors, 1 left on base; Asheville 0 - Winston-Salem 0
BOTTOM OF THE 1ST
Winston-Salem Dash batting - Pitching for Asheville Tourists : LHP Joaquín Álvarez
Pitching: LHP Joaquín Álvarez
Batting: RHB José Chavarría 0-0: Called Strike
0-1: Foul Ball, location: 3FF
0-2: Ball
1-2: Ball
2-2: Foul Ball, location: 2F
2-2: Ground out 6-3 (Groundball, 6, EV 90.6 MPH)
Batting: SHB Ed Charles 0-0: Ball
1-0: Ball
2-0: Ball
3-0: Called Strike
3-1: Base on Balls
Batting: RHB Raúl Pérez 0-0: Foul Ball, location: 5SF
0-1: Foul Ball, location: 2F
0-2: Foul Ball, location: 2F
0-2: Foul Ball, location: 9LMF
0-2: Foul Ball, location: 7LMF
0-2: Foul Ball, location: 3FF
0-2: Foul Ball, location: 9LSF
0-2: Strikes out swinging
Batting: RHB Jon Reese 0-0: Foul Ball, location: 7LMFF
0-1: Ball
1-1: Ball
2-1: Foul Ball, location: 2F
2-2: Foul Ball, location: 5F
2-2: Foul Ball, location: 2F
2-2: Ball
3-2: Base on Balls
Ed Charles to second
Batting: RHB Joe Young 0-0: Fly out, F4 (Popup, 4, EV 59.4 MPH)
Bottom of the 1st over - 0 runs, 0 hits, 0 errors, 2 left on base; Asheville 0 - Winston-Salem 0
TOP OF THE 2ND
Asheville Tourists batting - Pitching for Winston-Salem Dash : RHP Juan Carlos Jiménez
Batting: LHB Mike Halfyard 0-0: Ball
1-0: Ball
2-0: Ball
3-0: Base on Balls
Batting: RHB Lou Horn 0-0: Called Strike
0-1: Bunted foul
0-2: Ball
1-2: SINGLE (Groundball, 56D, EV 103.1 MPH)
Mike Halfyard to second
Batting: RHB Jimmy Davidson 0-0: Sac Bunt to 15 - play at first, batter OUT! 1-3
Mike Halfyard to third
Lou Horn to second
Batting: RHB Clint Hancock 0-0: Called Strike
0-1: Swinging Strike
0-2: Strikes out swinging
Batting: RHB José Carlos Rangel 0-0: Called Strike
0-1: Ball
1-1: Called Strike
1-2: Strikes out swinging
Top of the 2nd over - 0 runs, 1 hit, 0 errors, 2 left on base; Asheville 0 - Winston-Salem 0
BOTTOM OF THE 2ND
Winston-Salem Dash batting - Pitching for Asheville Tourists : LHP Joaquín Álvarez
Batting: LHB Lúcio Aguilar 0-0: Foul Ball, location: 5FF
0-1: Swinging Strike
0-2: Foul Ball, location: 2F
0-2: Ball
1-2: SINGLE (Line Drive, 5D, EV 99.4 MPH)
Batting: RHB José Solís 0-0: Ball
1-0: SINGLE (Groundball, 34D, EV 100.6 MPH)
Lúcio Aguilar to second
Lúcio Aguilar to third
Batting: SHB Juan Colón 0-0: Swinging Strike
0-1: Ball
José Solís steals 2nd base
1-1: Fielders Choice at home, 4-2 (Groundball, 4, EV 103.8 MPH)
José Solís to third
Batting: SHB Ernesto Contreras 0-0: Ball
1-0: Foul Ball, location: 3F
1-1: Swinging Strike
1-2: Strikes out swinging
Batting: RHB José Chavarría 0-0: Foul Ball, location: 2F
0-1: Foul Ball, location: 3FF
0-2: Ball
1-2: Strikes out swinging
Bottom of the 2nd over - 0 runs, 2 hits, 0 errors, 2 left on base; Asheville 0 - Winston-Salem 0
TOP OF THE 3RD
Asheville Tourists batting - Pitching for Winston-Salem Dash : RHP Juan Carlos Jiménez
Batting: RHB Raúl Villa 0-0: Ball
1-0: Ball
2-0: Called Strike
2-1: Foul Ball, location: 9LDF
2-2: Strikes out swinging
Batting: SHB José Morán 0-0: Ball
1-0: Called Strike
1-1: Ball
2-1: Ball
3-1: Base on Balls
Batting: RHB Jared Clemente 0-0: Foul Ball, location: 2F
0-1: Foul Ball, location: 5FF
0-2: Ball
1-2: Fly out, F8 (Flyball, 8LD, EV 95.6 MPH)
Batting: SHB Erik Ashe 0-0: Called Strike
José Morán steals 2nd base
0-1: Foul Ball, location: 2F
0-2: Ball
1-2: Foul Ball, location: 5F
1-2: Ball
2-2: Strikes out swinging
Top of the 3rd over - 0 runs, 0 hits, 0 errors, 1 left on base; Asheville 0 - Winston-Salem 0
BOTTOM OF THE 3RD
Winston-Salem Dash batting - Pitching for Asheville Tourists : LHP Joaquín Álvarez
Batting: SHB Ed Charles 0-0: Ball
1-0: Ball
2-0: Foul Ball, location: 25FF
2-1: Foul Ball, location: 2F
2-2: Foul Ball, location: 9LSF
2-2: Foul Ball, location: 2F
2-2: Foul Ball, location: 2F
2-2: DOUBLE (Line Drive, 9LD, EV 110.6 MPH)
Batting: RHB Raúl Pérez 0-0: Ball
1-0: Called Strike
1-1: Swinging Strike
1-2: Ball
2-2: Ball
3-2: Base on Balls
Batting: RHB Jon Reese 0-0: Ball
1-0: Ball
2-0: Ball
3-0: Called Strike
3-1: Base on Balls
Ed Charles to third
Raúl Pérez to second
Batting: RHB Joe Young 0-0: Ball
1-0: Ball
2-0: Ball
3-0: Called Strike
3-1: Base on Balls
Ed Charles scores
Raúl Pérez to third
Jon Reese to second
Batting: LHB Lúcio Aguilar 0-0: Ball
1-0: Ball
2-0: Foul Ball, location: 2F
2-1: Foul Ball, location: 7LDF
2-2: Strikes out swinging
Batting: RHB José Solís 0-0: Grounds into double play, 4-6-3 (Groundball, 4, EV 86.9 MPH)
Bottom of the 3rd over - 1 run, 1 hit, 0 errors, 2 left on base; Asheville 0 - Winston-Salem 1
TOP OF THE 4TH
Asheville Tourists batting - Pitching for Winston-Salem Dash : RHP Juan Carlos Jiménez
Batting: LHB Mike Halfyard 0-0: Foul Ball, location: 2RF
0-1: Called Strike
0-2: Ball
1-2: Ground out 4-3 (Groundball, 4M, EV 78.1 MPH)
Batting: RHB Lou Horn 0-0: Ball
1-0: Ball
2-0: Ball
3-0: Called Strike
3-1: Fly out, F9 (Flyball, 9, EV 89.4 MPH)
Batting: RHB Jimmy Davidson 0-0: Ball
1-0: Ball
2-0: Ball
3-0: Base on Balls
Batting: RHB Clint Hancock 0-0: Ball
Jimmy Davidson steals 2nd base
1-0: Ball
2-0: Swinging Strike
2-1: SINGLE (Line Drive, 8LS, EV 103.1 MPH)
Jimmy Davidson to third
Runner from 3rd tries for Home, throw by CF and OUT! 8-2
Top of the 4th over - 0 runs, 1 hit, 0 errors, 1 left on base; Asheville 0 - Winston-Salem 1
BOTTOM OF THE 4TH
Winston-Salem Dash batting - Pitching for Asheville Tourists : LHP Joaquín Álvarez
Batting: SHB Juan Colón 0-0: Ball
1-0: Ball
2-0: Called Strike
2-1: Foul Ball, location: 7LDF
2-2: DOUBLE (Flyball, 8LXD, EV 110.6 MPH)
Batting: SHB Ernesto Contreras 0-0: Foul Ball, location: 2F
0-1: Foul Ball, location: 2F
0-2: Ball
1-2: Ground out 6-3 (Groundball, 6, EV 98.1 MPH)
Juan Colón to third
Batting: RHB José Chavarría 0-0: Called Strike
0-1: Foul Ball, location: 23FF
0-2: Ball
1-2: Ball
2-2: Foul Ball, location: 25FF
2-2: Ball
3-2: Foul Ball, location: 25F
3-2: Base on Balls
Batting: SHB Ed Charles 0-0: Ball
1-0: Ball
2-0: Ball
3-0: Base on Balls
José Chavarría to second
Batting: RHB Raúl Pérez 0-0: Fly out, F3 (Popup, 3F, EV 78.8 MPH)
Batting: RHB Jon Reese 0-0: Ball
1-0: Ball
2-0: Called Strike
2-1: Swinging Strike
2-2: Ball
3-2: Base on Balls
Juan Colón scores
José Chavarría to third
Ed Charles to second
Pitching: RHP Víctor Cruz
Batting: RHB Joe Young 0-0: Called Strike
0-1: Ball
1-1: Foul Ball, location: 5FF
1-2: Ball
2-2: Ball
3-2: Foul Ball, location: 7LMF
3-2: Foul Ball, location: 5F
3-2: Base on Balls
José Chavarría scores
Ed Charles to third
Jon Reese to second
Batting: LHB Lúcio Aguilar 0-0: Ball
1-0: Called Strike
1-1: Ball
2-1: Called Strike
2-2: Foul Ball, location: 7LSF
2-2: Ground out U3 (Groundball, 13, EV 80.0 MPH)
Bottom of the 4th over - 2 runs, 1 hit, 0 errors, 3 left on base; Asheville 0 - Winston-Salem 3
TOP OF THE 5TH
Asheville Tourists batting - Pitching for Winston-Salem Dash : RHP Juan Carlos Jiménez
Batting: RHB José Carlos Rangel 0-0: Called Strike
0-1: Ball
1-1: SINGLE (Line Drive, 78S, EV 103.8 MPH)
Batting: RHB Raúl Villa 0-0: Ball
1-0: Bunted foul
1-1: Bunted foul
1-2: Foul Ball, location: 5F
1-2: Ball
2-2: Hit by Pitch
José Carlos Rangel to second
Batting: SHB José Morán 0-0: Ball
1-0: Ball
2-0: Ball
3-0: Base on Balls
José Carlos Rangel to third
Raúl Villa to second
Batting: RHB Jared Clemente 0-0: Ball
1-0: Foul Ball, location: 25F
1-1: Ball
2-1: Ball
3-1: Foul Ball, location: 2F
3-2: Foul Ball, location: 3SF
3-2: Base on Balls
José Carlos Rangel scores
Raúl Villa to third
José Morán to second
Batting: SHB Erik Ashe 0-0: Ball
1-0: Ball
2-0: Called Strike
2-1: DOUBLE (Line Drive, 7LM, EV 99.4 MPH)
Raúl Villa scores
José Morán scores
Jared Clemente to third
Batting: LHB Mike Halfyard 0-0: Ball
1-0: Ball
2-0: Called Strike
2-1: Ball
3-1: Foul Ball, location: 2F
3-2: Foul Ball, location: 2F
3-2: Base on Balls
Batting: RHB Lou Horn 0-0: Ball
1-0: Foul Ball, location: 5F
1-1: Called Strike
1-2: Ball
2-2: Foul Ball, location: 2F
2-2: Ball
3-2: Strikes out looking
Batting: RHB Jimmy Davidson 0-0: Ball
1-0: Called Strike
1-1: Foul Ball, location: 9LMF
1-2: Foul Ball, location: 9LSF
1-2: Strikes out swinging
Batting: RHB Clint Hancock 0-0: SINGLE (Groundball, 4MD, EV 101.9 MPH)
Jared Clemente scores
Erik Ashe to third
Mike Halfyard to second
Runner from 3rd tries for Home, throw by CF and OUT! 8-2
Top of the 5th over - 4 runs, 3 hits, 0 errors, 2 left on base; Asheville 4 - Winston-Salem 3
BOTTOM OF THE 5TH
Winston-Salem Dash batting - Pitching for Asheville Tourists : RHP Víctor Cruz
Pinch Hitting: LHB Mike Simpson 0-0: Swinging Strike
0-1: Swinging Strike
0-2: Foul Ball, location: 5FF
0-2: Foul Ball, location: 2F
0-2: Ball
1-2: Ball
2-2: Ball
3-2: Base on Balls
Batting: SHB Juan Colón 0-0: Swinging Strike
0-1: Ball
1-1: DOUBLE (Flyball, 8LXD, EV 98.8 MPH)
Mike Simpson to third
Batting: SHB Ernesto Contreras 0-0: Ball
1-0: Fielders Choice at home, 6-2 (Groundball, 56S, EV 74.4 MPH)
Juan Colón to third
Batting: RHB José Chavarría 0-0: Called Strike
0-1: Ball
1-1: Swinging Strike
1-2: Ball
2-2: DOUBLE (Line Drive, 89XD, EV 108.8 MPH)
Juan Colón scores
Ernesto Contreras to third
Batting: SHB Ed Charles 0-0: Called Strike
0-1: Ball
1-1: Ball
2-1: 3-RUN HOME RUN (Flyball, 89XD, EV 97.5 MPH), Distance : 374 ft
Pitching: RHP Raúl Baca
Batting: RHB Raúl Pérez 0-0: Ball
1-0: Ball
2-0: SINGLE (Flyball, 9LS, EV 90.0 MPH)
Batting: RHB Jon Reese 0-0: Foul Ball, location: 23FF
0-1: Ball
1-1: Grounds into double play, 4-6-3 (Groundball, 4M, EV 87.5 MPH)
Bottom of the 5th over - 4 runs, 4 hits, 0 errors, 0 left on base; Asheville 4 - Winston-Salem 7
TOP OF THE 6TH
Asheville Tourists batting - Pitching for Winston-Salem Dash : RHP Juan Carlos Jiménez
Pitching: RHP Noah Atkins
Now at SS: Sergio Rodríguez
Batting: RHB José Carlos Rangel 0-0: Ball
1-0: Ball
2-0: Foul Ball, location: 5F
2-1: Ground out 6-3 (Groundball, 6, EV 81.3 MPH)
Batting: RHB Raúl Villa 0-0: Ball
1-0: Ball
2-0: Ball
3-0: Called Strike
3-1: Foul Ball, location: 2F
3-2: Ground out 4-3 (Groundball, 34, EV 86.3 MPH)
Batting: SHB José Morán 0-0: Ball
1-0: Foul Ball, location: 9LMF
1-1: Called Strike
1-2: Foul Ball, location: 2F
1-2: Foul Ball, location: 3DF
1-2: SINGLE (Groundball, 34D, EV 110.6 MPH)
Batting: RHB Jared Clemente 0-0: Called Strike
0-1: Ball
1-1: Ball
2-1: Fly out, F8 (Flyball, 8LM, EV 86.9 MPH)
Top of the 6th over - 0 runs, 1 hit, 0 errors, 1 left on base; Asheville 4 - Winston-Salem 7
BOTTOM OF THE 6TH
Winston-Salem Dash batting - Pitching for Asheville Tourists : RHP Raúl Baca
Batting: RHB Joe Young 0-0: Swinging Strike
0-1: Ball
1-1: Foul Ball, location: 25F
1-2: Ball
2-2: Foul Ball, location: 2F
2-2: Ball
3-2: DOUBLE (Flyball, 8RXD, EV 95.6 MPH)
Batting: LHB Lúcio Aguilar 0-0: Ball
1-0: Ball
2-0: Ball
3-0: Called Strike
3-1: Called Strike
3-2: Fly out, F6 (Popup, 6M, EV 54.4 MPH)
Batting: RHB Sergio Rodríguez 0-0: Called Strike
0-1: Foul Ball, location: 2F
0-2: Ball
1-2: Foul Ball, location: 5F
1-2: Ball
2-2: Ball
3-2: Base on Balls
Batting: SHB Juan Colón 0-0: Ball
1-0: Swinging Strike
1-1: Ball
2-1: Ball
3-1: Foul Ball, location: 7LMF
3-2: Strikes out swinging
Batting: SHB Ernesto Contreras 0-0: Ball
1-0: Ball
2-0: Ball
3-0: Base on Balls
Joe Young to third
Sergio Rodríguez to second
Batting: RHB José Chavarría 0-0: Ball
1-0: SINGLE (Line Drive, 9S, EV 100.0 MPH)
Joe Young scores
Sergio Rodríguez to third
Ernesto Contreras to second
Runner from 3rd tries for Home, SAFE, throw by RF to home
Batting: SHB Ed Charles 0-0: Ball
1-0: Ground out 3-1 (Groundball, 34, EV 105.6 MPH)
Bottom of the 6th over - 2 runs, 2 hits, 0 errors, 2 left on base; Asheville 4 - Winston-Salem 9
TOP OF THE 7TH
Asheville Tourists batting - Pitching for Winston-Salem Dash : RHP Noah Atkins
Batting: SHB Erik Ashe 0-0: Foul Ball, location: 5FF
0-1: Foul Ball, location: 3F
0-2: Ball
1-2: Strikes out swinging
Batting: LHB Mike Halfyard 0-0: Foul Ball, location: 7LDF
0-1: Ball
1-1: DOUBLE (Line Drive, 78XD, EV 106.3 MPH)
Batting: RHB Lou Horn 0-0: Swinging Strike
0-1: Fly out, F4 (Popup, 34S, EV 78.8 MPH)
Batting: RHB Jimmy Davidson 0-0: Ball
Wild Pitch!
Mike Halfyard to third
1-0: Ball
2-0: Called Strike
2-1: Foul Ball, location: 3SF
2-2: Strikes out swinging
Top of the 7th over - 0 runs, 1 hit, 0 errors, 1 left on base; Asheville 4 - Winston-Salem 9
BOTTOM OF THE 7TH
Winston-Salem Dash batting - Pitching for Asheville Tourists : RHP Raúl Baca
Batting: RHB Raúl Pérez 0-0: Called Strike
0-1: Foul Ball, location: 2F
0-2: Ball
1-2: Ball
2-2: Ball
3-2: Base on Balls
Pitching: LHP Luis Negrón
Batting: RHB Jon Reese 0-0: Ball
1-0: Called Strike
1-1: Ball
2-1: Fly out, F8 (Line Drive, 8RM, EV 90.0 MPH)
Batting: RHB Joe Young 0-0: Ball
1-0: Ball
2-0: Ball
3-0: Base on Balls
Raúl Pérez to second
Batting: LHB Lúcio Aguilar 0-0: Ball
1-0: Ball
2-0: Grounds into double play, 3-6-1 (Groundball, 3, EV 100.0 MPH)
Bottom of the 7th over - 0 runs, 0 hits, 0 errors, 1 left on base; Asheville 4 - Winston-Salem 9
TOP OF THE 8TH
Asheville Tourists batting - Pitching for Winston-Salem Dash : RHP Noah Atkins
Batting: RHB Clint Hancock 0-0: Called Strike
0-1: Swinging Strike
0-2: Foul Ball, location: 2F
0-2: Ball
1-2: Strikes out looking
Batting: RHB José Carlos Rangel 0-0: Ball
1-0: Foul Ball, location: 23F
1-1: Called Strike
1-2: Strikes out swinging
Batting: RHB Raúl Villa 0-0: Ball
1-0: Ball
2-0: Ball
3-0: Called Strike
3-1: Base on Balls
Batting: SHB José Morán 0-0: Called Strike
0-1: Ball
1-1: Foul Ball, location: 2F
1-2: Foul Ball, location: 3SF
1-2: Foul Ball, location: 2F
1-2: Foul Ball, location: 5F
1-2: SINGLE (Line Drive, 34D, EV 100.0 MPH)
Raúl Villa to second
Runner from 2nd tries for 3rd, SAFE, throw by RF made to third
Pitching: LHP José Morales
Batting: RHB Jared Clemente 0-0: Foul Ball, location: 2F
0-1: Ball
1-1: Ball
2-1: Ball
3-1: Foul Ball, location: 9LDF
3-2: Foul Ball, location: 2F
3-2: Ground out 5-3 (Groundball, 56, EV 88.8 MPH)
Top of the 8th over - 0 runs, 1 hit, 0 errors, 2 left on base; Asheville 4 - Winston-Salem 9
BOTTOM OF THE 8TH
Winston-Salem Dash batting - Pitching for Asheville Tourists : LHP Luis Negrón
Batting: RHB Sergio Rodríguez 0-0: Called Strike
0-1: Swinging Strike
0-2: Ball
1-2: Strikes out swinging
Batting: SHB Juan Colón 0-0: Ball
1-0: Ball
2-0: Ball
3-0: Foul Ball, location: 2F
3-1: Base on Balls
Batting: SHB Ernesto Contreras 0-0: Called Strike
0-1: Swinging Strike
0-2: Foul Ball, location: 2F
0-2: Ball
1-2: Ball
2-2: Ball
3-2: Fly out, F7 (Flyball, 78D, EV 96.9 MPH)
Batting: RHB José Chavarría 0-0: Ball
1-0: Ball
2-0: Ball
3-0: Base on Balls
Juan Colón to second
Batting: SHB Ed Charles 0-0: Called Strike
0-1: Ball
1-1: Ball
2-1: Ball
3-1: Foul Ball, location: 5FF
3-2: Base on Balls
Juan Colón to third
José Chavarría to second
Batting: RHB Raúl Pérez 0-0: Called Strike
0-1: Called Strike
0-2: Foul Ball, location: 2F
0-2: Ball
1-2: Ball
2-2: Ground out 4-3 (Groundball, 4, EV 80.6 MPH)
Bottom of the 8th over - 0 runs, 0 hits, 0 errors, 3 left on base; Asheville 4 - Winston-Salem 9
TOP OF THE 9TH
Asheville Tourists batting - Pitching for Winston-Salem Dash : LHP José Morales
Batting: SHB Erik Ashe 0-0: Foul Ball, location: 9LDF
0-1: Ball
1-1: Called Strike
1-2: DOUBLE (Flyball, 8RD, EV 96.9 MPH)
Pinch Hitting: RHB Jesús Gonzáles 0-0: Ball
1-0: DOUBLE (Line Drive, 9LM, EV 96.9 MPH)
Erik Ashe scores
Batting: RHB Lou Horn 0-0: Called Strike
0-1: Foul Ball, location: 2F
0-2: Ball
1-2: Fly out, F8 (Line Drive, 8RM, EV 96.9 MPH)
Batting: RHB Jimmy Davidson 0-0: SINGLE (Line Drive, 8RS, EV 108.8 MPH)
Jesús Gonzáles to third
Pitching: RHP Stan Vaughn
Batting: RHB Clint Hancock 0-0: Called Strike
0-1: Ball
1-1: Swinging Strike
1-2: Strikes out swinging
Pinch Hitting: LHB Héctor Jourdan 0-0: Ball
1-0: Ball
2-0: Foul Ball, location: 7LMF
2-1: Foul Ball, location: 7LDF
2-2: Foul Ball, location: 9LSF
2-2: Ball
3-2: Ground out 4-3 (Groundball, 4, EV 81.9 MPH)
Top of the 9th over - 1 run, 3 hits, 0 errors, 2 left on base; Asheville 5 - Winston-Salem 9
Monday, April 1st , 2024 - OOTP Baseball 24.10 Build 82